 Dungeon Crawl Stone Soup version 0.23.2-1-ga50397a (webtiles) character file.

Game seed: 2845070375649614812

67 diana the Skirmisher (level 3, -1/31 HPs)
             Began as a Demigod Fighter on May 30, 2019.
             Slain by a gnoll
             ... wielding a +0 spear of piercing
              (3 damage)
             ... on level 2 of the Dungeon.
             The game lasted 00:02:03 (1553 turns).

diana the Skirmisher (Demigod Fighter)              Turns: 1553, Time: 00:02:04

Health: -1/31      AC: 11    Str: 21    XL:     3   Next: 70%
Magic:  5/5        EV:  4    Int: 12    God:
Gold:   29         SH:  0    Dex: 15    Spells: 2/2 levels left

rFire    . . .     SeeInvis .   a - +0 long sword
rCold    . . .     Gourm    .   c - +0 shield
rNeg     . . .     Faith    .   p - +0 plate armour
rPois    .         Spirit   .   (no helmet)
rElec    .         Reflect  .   (no cloak)
rCorr    .         Harm     .   (no gloves)
MR       .....                  (no boots)
Stlth    ..........             (no amulet)
HPRegen  0.10/turn              (no ring)
MPRegen  0.09/turn              (no ring)

@: confused
A: high mp 1
a: no special abilities


You were on level 2 of the Dungeon.
You were not hungry.

You visited 1 branch of the dungeon, and saw 2 of its levels.

You collected 29 gold pieces.

Inventory:

Hand Weapons
 a - a +0 long sword (weapon)
Armour
 b - a +0 scale mail
 c - a +0 shield (worn)
 p - a +0 plate armour (worn)
Scrolls
 i - 2 scrolls of noise {unknown}
 j - 3 scrolls of identify {unknown}
 k - a scroll of remove curse {unknown}
 l - a scroll of enchant armour {unknown}
 m - a scroll of blinking {unknown}
 r - a scroll of amnesia {unknown}
 s - a scroll of fog {unknown}
Potions
 d - a potion of might
 e - a potion of degeneration {unknown}
 g - 2 potions of lignification {unknown}
 h - 3 potions of heal wounds {unknown}
 n - a potion of mutation {unknown}
 o - 2 potions of curing {unknown}
 q - a potion of agility {unknown}
 t - a potion of brilliance {unknown}
 u - a potion of resistance {unknown}
Comestibles
 f - 5 rations


   Skills:
 + Level 3.1 Fighting
 + Level 2.3 Long Blades
 + Level 3.1 Armour
 + Level 1.2 Dodging
 + Level 3.1 Shields


You had 2 spell levels left.
You didn't know any spells.
Your spell library was empty.

Dungeon Overview and Level Annotations

Branches:
Dungeon (2/15)

Annotations:
D:2 Sigmund


Innate Abilities, Weirdness & Mutations

You have an increased reservoir of magic. (+10% MP)


Message History

You hear some strange, mumbled words.
You are confused.
There is an open door here.
Something hits you but does no damage. The gnoll hits you but does no damage.
You hear some strange, mumbled words.
You are more confused.
The gnoll hits you but does no damage.
You hear some strange, mumbled words.
A puff of flame appears from out of thin air!
The puff of flame hits you. The gnoll barely misses you. Something hits you.
* * * LOW HITPOINT WARNING * * *
The gnoll hits you from afar with a +0 spear of piercing.
* * * LOW HITPOINT WARNING * * *
x2
There is an open door here.
Unknown command.
You bump into the rock wall.
The gnoll hits you but does no damage. Something hits you but does no damage.
The gnoll hits you with a +0 spear of piercing.
You die...

#.'..). #.##### #.# #.#
#.#
#######################
#.#
#........<..#.........#
###
.#.......#)#.#...g)....#
.#.......#.#.#..@{.....#
.#######.#...##'######.#
.###.....#.#........#
...'.....###........#
####
####.......'........#
#...
####....####........#
#... ...'....#
#........# #######...
...#....# #........#
#....##...
##'#................#
#....##[..


You could see a gnoll.

Vanquished Creatures
  2 gnolls (D:2)
  A worm (D:2)
  2 dart slugs (D:1)
  3 leopard geckos
  A ball python (D:1)
  2 giant cockroaches
  2 goblins (D:1)
  4 hobgoblins
  9 kobolds
  4 bats
  3 frilled lizards (D:1)
  3 rats
36 creatures vanquished.

Notes
Turn   | Place    | Note
-------+----------+-------------------------------------------
     0 | D:1      | diana the Demigod Fighter began the quest for the Orb.
     0 | D:1      | Reached XP level 1. HP: 18/18 MP: 3/3
   148 | D:1      | Reached XP level 2. HP: 17/25 MP: 4/4
   701 | D:2      | Reached XP level 3. HP: 30/31 MP: 5/5
   778 | D:2      | Reached skill level 1 in Dodging
  1020 | D:2      | Found a glowing golden altar of the Shining One.
  1077 | D:2      | Noticed Sigmund
  1551 | D:2      | HP: 1/31 [gnoll/+0 spear of piercing (1)]
  1553 | D:2      | Slain by a gnoll

Skill      XL: |  1  2  3 |
---------------+----------+-----
Long Blades    | 2 |  2.3
Fighting       | 3 |  3.1
Armour         | 3 |  3.1
Shields        | 3 |  3.1
Dodging        | 1 |  1.2

Action                   || total
-------------------------++-------
Melee: Long sword        ||   126
  Eat: Ration            ||     1
Armor: Scale mail        ||    29
       Plate armour      ||    24
Dodge: Dodged            ||    34
Block: Shield            ||    70
       Rpst.: Long sword ||    10
